 Dungeon Crawl Stone Soup version 0.25-a0-583-g696c2ac64d (webtiles) character file.

Game seed: 16325691808742362479, levelgen mode: deterministic

109 Maartensdijk the Poker (level 4, -11/45 HPs)
             Began as a Troll Berserker on Mar 8, 2020.
             Was a Follower of Trog.
             Mangled by an ogre
             ... wielding a +0 giant club
              (20 damage)
             ... on level 5 of the Dungeon.
             The game lasted 00:15:27 (1063 turns).

Maartensdijk the Poker (Troll Berserker)            Turns: 1063, Time: 00:15:27

Health: -11/45     AC:  6    Str: 26    XL:     4   Next: 60%
Magic:  3/3        EV: 10    Int:  3    God:    Trog [*.....]
Gold:   61         SH:  0    Dex: 11    Spells: 3/3 levels left

rFire    . . .     SeeInvis .   a - +0 spear
rCold    + . .     Gourm    +   (no shield)
rNeg     . . .     Faith    .   b - +0 animal skin
rPois    .         Spirit   .   (helmet restricted)
rElec    +         Reflect  .   (no cloak)
rCorr    .         Harm     .   (gloves unavailable)
MR       +....                  (boots unavailable)
Stlth    ++........             (no amulet)
HPRegen  0.55/turn              g - ring of stealth
MPRegen  0.08/turn              (no ring)

@: no status effects
A: large, unfitting armour, claws 3, agile 1, cold resistance 1, fast metabolism
3, gourmand, magic resistance 1, regeneration 1, shaggy fur 1, electricity
resistance, tough skin 3
a: Berserk, Renounce Religion


You were on level 5 of the Dungeon.
You worshipped Trog.
Trog was aware of your devotion.
You were very full.

You visited 1 branch of the dungeon, and saw 6 of its levels.

You collected 61 gold pieces.

Inventory:

Hand Weapons
 a - a +0 spear (weapon)
Armour
 b - a +0 animal skin (worn)
Jewellery
 g - a ring of stealth (left claw)
Scrolls
 d - a scroll of identify
 f - a scroll of teleportation {unknown}
Comestibles
 c - a ration


   Skills:
 + Level 3.2 Fighting
 + Level 3.3 Polearms
 + Level 3.1 Dodging


You had 3 spell levels left.
You didn't know any spells.
Your spell library contained the following spells:

 Spells                   Type           Power        Failure   Level  Hunger
 Beastly Appendage        Tmut           #.....       52%         1    ##.....
 Sticks to Snakes         Tmut           #.......     67%         2    ###....
 Spider Form              Tmut/Pois      #.........   88%         3    ####...
 Ice Form                 Ice/Tmut       #.......     99%         4    #####..
 Blade Hands              Tmut           #.........   100%        5    ######.


Dungeon Overview and Level Annotations

Branches:
Dungeon (6/15)
 Temple: D:4-7

Altars:

Shops:
D:5 *


Innate Abilities, Weirdness & Mutations

You are too large for most types of armour.
You have claws for hands.
Your metabolism is lightning-fast.
You like to eat raw meat.
Your natural rate of healing is unusually fast.
You are covered in fur. (AC +1)
You have extremely tough skin. (AC +3)
You are agile. (Dex +2)
Your flesh is cold resistant. (rC+)
You are resistant to hostile enchantments. (MR+)
You are resistant to electric shocks. (rElec)


Message History

The ogre is moderately wounded.
The ogre closely misses you.
You puncture the ogre!
The ogre is heavily wounded.
The ogre hits you with a +0 giant club!
* * * LOW HITPOINT WARNING * * *
You see here a +0 scythe.
A shadow imp comes into view.
A dart slug comes into view.
Found a glowing silver wand.
Found a stone staircase leading down.
The dart slug launches a dart at you.
The slug dart hits you but does no damage.
Found 7 gold pieces.
The ogre misses you.
The ogre hits you with a +0 giant club!!
* * * LOW HITPOINT WARNING * * *
There is a stone staircase leading down here.
The ogre hits you with a +0 giant club!!
You die...

#..#### #.####...# .#
##..##.## ##.##....# #
##.......# ##.....## #
##..###..## ##....# .#
#..## ##.## #####
#....##..# ..##
#..####...######........##
.##
##..##......#.......###...
.## #...#.............## .
..###
##......@O.........## .
....##
##.............#...####.
.....####
#..######...#####..##..
..##....###.## ##.##
##..#.. #..###....#.##
###.## ##.)..
###.####..##.####...#
###.. ##...#####.......##
### ##### #...##..#
#..######


You could see an ogre.

Vanquished Creatures
  An iguana (D:5)
  2 worker ants
  A hound skeleton (D:5)
  An adder (D:5)
  An ooze (D:2)
  2 giant cockroaches
  A goblin (D:1)
  3 hobgoblins
  A frilled lizard (D:2)
  A kobold (D:1)
  A rat (D:3)
15 creatures vanquished.

Notes
Turn   | Place    | Note
-------+----------+-------------------------------------------
     0 | D:1      | Maartensdijk the Troll Berserker began the quest for the
                  | Orb.
     0 | D:1      | Reached XP level 1. HP: 22/22 MP: 0/0
   131 | D:2      | Reached XP level 2. HP: 27/29 MP: 1/1
   294 | D:4      | Reached XP level 3. HP: 24/36 MP: 2/2
   301 | D:5      | Entered Level 5 of the Dungeon
   325 | D:5      | Gained mutation: You are agile. (Dex +2) [potion of
                  | mutation]
   325 | D:5      | Gained mutation: Your flesh is cold resistant. (rC+)
                  | [potion of mutation]
   325 | D:5      | Gained mutation: You are resistant to hostile enchantments.
                  | (MR+) [potion of mutation]
   325 | D:5      | Gained mutation: You are resistant to electric shocks.
                  | (rElec) [potion of mutation]
   448 | D:5      | Reached XP level 4. HP: 34/45 MP: 3/3
   567 | D:5      | Found Xolepp's Assorted Antiques.
  1015 | D:5      | Noticed an ogre
  1063 | D:5      | Mangled by an ogre

Levels and vault maps discovered:
D:1:      mainiacjoe_arrival_reflecting_pool, layout_rooms
D:2:      layout_basic, minivault_25, lemuel_another_geyser
D:3:      layout_basic, bloody_trog, roderic_serpentine_path
D:4:      layout_loops_ring, kiku_gazebo_pond_becter
D:5:      layout_layer_cave, first_ration, basic_altar, serial_shops,
          shop_fountains, sigmund_army
D:6:      layout_cave_pools, fedhas_altar_2

Skill      XL: |  1  2  3 |
---------------+----------+-----
Fighting       | 3 |  3.2
Polearms       | 3 |  3.3
Dodging        | 3 |  3.1

Action                   |  1- 3 |  4- 6 || total
-------------------------+-------+-------++-------
Melee: Spear             |    59 |    30 ||    89
       Scythe            |       |    22 ||    22
  Use: Scroll            |     1 |     1 ||     2
       Potion            |     1 |       ||     1
  Eat: Chunk             |     5 |     3 ||     8
       Ration            |     1 |     1 ||     2
Armor: Animal skin       |    21 |    35 ||    56
Dodge: Dodged            |    28 |    47 ||    75

Table legend:
 A = Non-vault XP
 B = Vault XP
 C = Vault XP percentage of total XP
 D = Non-vault monster count
 E = Vault monster count
 F = Vault count percentage of total count
                 A         B        C        D         E       F
            +---------+---------+-------+---------+---------+-------
      Total |     153 |       4 |   2.5 |      13 |       2 |  13.3
            +---------+---------+-------+---------+---------+-------
        D:1 |       7 |       0 |   0.0 |       4 |       0 |   0.0
        D:2 |       8 |       0 |   0.0 |       2 |       0 |   0.0
        D:3 |       3 |       0 |   0.0 |       2 |       0 |   0.0
        D:4 |      34 |       0 |   0.0 |       1 |       0 |   0.0
        D:5 |     101 |       4 |   3.8 |       4 |       2 |  33.3
            +---------+---------+-------+---------+---------+-------
